AoeStats
← DJax

Golden Pit

509782702Analyzed
1v1 RM · 3d ago on Sep 28, 2026· 44m 56s· 2 players
Game mode
Random Map
Map size
Tiny (2 player)
Population
200
Speed
Normal
Resources
Standard
Victory
Conquest
Starting age
Dark Age
Ending age
Imperial Age
RankedLock teamsTeams togetherTeam positionsShared explorationLock speedFull tech treeHidden civsTurbo modeCheats
Victory
Defeat
🇺🇸 Magyars · United States
997
+17
🇨🇦 Inca · Canada
1022
-17
DJax
6:16 Loom
9:49 Feudal Age
10:25 Horse Collar
10:33 Double-Bit Axe
18:31 Wheelbarrow
20:26 Castle Age
18:55 Fletching
20:08 Gold Mining
21:53 Bodkin Arrow
22:42 Bow Saw
22:35 Heavy Plow
28:04 Hand Cart
27:35 Town Watch
29:47 Thumb Ring
30:57 Ballistics
31:37 Padded Archer Armor
36:59 Scale Barding Armor
37:09 Leather Archer Armor
41:12 Imperial Age
40:50 Chain Barding Armor
41:11 Corvinian Army
41:14 Heavy Cavalry Archer
42:20 Parthian Tactics
41:59 Recurve Bow
42:20 Conscription
44:19 Plate Barding Armor
43:44 Bracer
44:28 Ring Archer Armor
Ivan-the-terrible
2:55 Loom
10:47 Feudal Age
17:53 Castle Age
17:43 Double-Bit Axe
20:41 Horse Collar
23:12 Bow Saw
23:07 Stone Mining
27:13 Elite Skirmisher
29:30 Wheelbarrow
29:48 Forging
29:50 Scale Mail Armor
31:27 Iron Casting
31:04 Heavy Plow
39:04 Imperial Age
37:13 Chain Mail Armor
Connection lost

Rejoining the realm…

Still unreachable

The connection could not be restored.

Session expired

The server has moved on; the page needs a fresh start.